 Dungeon Crawl Stone Soup version 0.21-a0-531-gacddea6 (console) character file.

25172 Fusha the Carver (level 13, -9/96 HPs)
             Began as a Human Abyssal Knight on Dec 12, 2017.
             Was the Champion of Lugonu.
             Shot with an arrow by Nessos (21 damage)
             ... on level 5 of the Lair of Beasts.
             The game lasted 01:49:04 (17184 turns).

Fusha the Carver (Human Abyssal Knight)            Turns: 17184, Time: 01:49:05

Health: -9/96      AC: 12    Str: 18    XL:     13   Next: 48%
Magic:  20/20      EV: 24    Int: 13    God:    Lugonu [******]
Gold:   366        SH:  4    Dex: 21    Spells: 11/22 levels left

rFire    . . .     SeeInvis .   a - +8 falchion (distort)
rCold    . . .     Gourm    .   (no shield)
rNeg     . . .     Faith    .   B - +1 leather armour of the Demon Prince {Str+4 Slay+5}
rPois    .         Spirit   .   h - +2 helmet
rElec    .         Reflect  +   R - +2 cloak {+Inv}
rCorr    .         Harm     .   f - +1 pair of gloves
MR       .....                  (no boots)
Stlth    ++........             n - +4 amulet of reflection
HPRegen  0.26/turn              L - +3 ring of evasion
MPRegen  0.17/turn              e - +5 ring of dexterity

@: very slightly contaminated
A: no striking features
a: Depart the Abyss, Bend Space, Banish, Corrupt, Enter the Abyss, Renounce
Religion, Evoke Invisibility


You were on level 5 of the Lair of Beasts.
You worshipped Lugonu.
Lugonu was exalted by your worship.
You were hungry.

You visited 2 branches of the dungeon, and saw 16 of its levels.
You visited the Abyss 1 time.
You also visited: Ossuary.

You collected 817 gold pieces.
You spent 451 gold pieces at shops.

Inventory:

Hand Weapons
 a - a +8 falchion of distortion (weapon)
Missiles
 y - 3 silver javelins
 J - 4 poisoned javelins (quivered)
Armour
 f - a +1 pair of gloves (worn)
 h - a +2 helmet (worn)
 B - the +1 leather armour of the Demon Prince (worn) {Str+4 Slay+5}
   (You bought it in a shop on level 7 of the Dungeon)

   It affects your strength (+4).
   It affects your accuracy and damage with ranged weapons and melee attacks
   (+5).
 R - a +2 cloak of invisibility (worn)
Jewellery
 d - an uncursed ring of resist corrosion
 e - a +5 ring of dexterity (right hand)
 g - an uncursed ring of wizardry
 n - a +4 amulet of reflection (around neck)
 D - an uncursed ring of ice
 L - a +3 ring of evasion (left hand)
Wands
 q - a wand of polymorph (11)
 Q - a wand of acid (10)
Scrolls
 i - 7 scrolls of immolation
 j - 4 scrolls of teleportation
 k - 2 scrolls of fear
 p - 3 scrolls of remove curse
 u - 2 scrolls of amnesia
 w - a scroll of brand weapon {unknown}
 C - 2 scrolls of blinking
 F - a scroll of vulnerability
 I - a scroll of fog
 U - a scroll of holy word
 V - a scroll of identify
 W - 2 scrolls of magic mapping {unknown}
Potions
 b - a potion of magic
 l - 2 potions of haste
 G - a potion of ambrosia
 K - 3 potions of flight
 M - a potion of curing
 P - a potion of invisibility
Books
 c - the Tome of Harmful Lightness
   (You found it on level 7 of the Dungeon)

   Spells                             Type                      Level
   a - Stone Arrow                    Conjuration/Earth            3
   b - Static Discharge               Conjuration/Air              3
   c - Fireball                       Conjuration/Fire             5
   d - Bolt of Draining               Conjuration/Necromancy       5
 r - a book of Callings

   Spells                             Type                      Level
   a - Summon Small Mammal            Summoning                    1
   b - Call Imp                       Summoning                    2
   c - Call Canine Familiar           Summoning                    3
   d - Summon Guardian Golem          Hexes/Summoning              3
   e - Summon Lightning Spire         Summoning/Air                4
   f - Summon Ice Beast               Ice/Summoning                4
 s - a book of Flames

   Spells                             Type                      Level
   a - Flame Tongue                   Conjuration/Fire             1
   b - Throw Flame                    Conjuration/Fire             2
   c - Conjure Flame                  Conjuration/Fire             3
   d - Inner Flame                    Hexes/Fire                   3
   e - Sticky Flame                   Conjuration/Fire             4
   f - Fireball                       Conjuration/Fire             5
 v - a book of Clouds

   Spells                             Type                      Level
   a - Poisonous Vapours              Poison/Air                   2
   b - Mephitic Cloud                 Conjuration/Poison/Air       3
   c - Conjure Flame                  Conjuration/Fire             3
   d - Freezing Cloud                 Conjuration/Ice/Air          6
   e - Ring of Flames                 Charms/Fire                  7
 A - a book of Burglary

   Spells                             Type                      Level
   a - Swiftness                      Charms/Air                   2
   b - Passwall                       Transmutation/Earth          2
   c - Passage of Golubria            Translocation                4
   d - Lee's Rapid Deconstruction     Earth                        5
   e - Darkness                       Hexes                        6
   f - Invisibility                   Hexes                        6
 N - a book of Cantrips

   Spells                             Type                      Level
   a - Confusing Touch                Hexes                        1
   b - Animate Skeleton               Necromancy                   1
   c - Summon Small Mammal            Summoning                    1
   d - Apportation                    Translocation                1
 S - a book of Power

   Spells                             Type                      Level
   a - Iskenderun's Battlesphere      Conjuration/Charms           5
   b - Venom Bolt                     Conjuration/Poison           5
   c - Bolt of Magma                  Conjuration/Fire/Earth       5
   d - Iron Shot                      Conjuration/Earth            6
   e - Orb of Destruction             Conjuration                  7
   f - Spellforged Servitor           Conjuration/Summoning        7
 X - a book of Clouds

   Spells                             Type                      Level
   a - Poisonous Vapours              Poison/Air                   2
   b - Mephitic Cloud                 Conjuration/Poison/Air       3
   c - Conjure Flame                  Conjuration/Fire             3
   d - Freezing Cloud                 Conjuration/Ice/Air          6
   e - Ring of Flames                 Charms/Fire                  7
Comestibles
 o - a bread ration
 H - 14 fruits
 T - 2 royal jellies


   Skills:
 - Level 7.0 Fighting
 + Level 14.1 Long Blades
 - Level 2.0 Armour
 * Level 10.6 Dodging
 - Level 5.0 Spellcasting
 - Level 3.0 Air Magic
 - Level 3.1 Poison Magic
 + Level 6.5 Invocations
 - Level 6.0 Evocations


You had 11 spell levels left.
You knew the following spells:

 Your Spells              Type           Power        Failure   Level  Hunger
a - Swiftness             Chrm/Air       #.......     19%         2    ##.....
b - Passwall              Tmut/Erth      #.........   32%         2    ##.....
c - Animate Skeleton      Necr           N/A          22%         1    None
d - Summon Small Mammal   Summ           #...         22%         1    None
e - Poisonous Vapours     Pois/Air       ##....       10%         2    ##.....
f - Mephitic Cloud        Conj/Pois/Air  #.......     28%         3    ###....


Dungeon Overview and Level Annotations

Branches:
Dungeon (11/15)            Temple (0/1) D:4            Lair (5/6) D:10
 Shoals (0/4) Lair:3        Snake (0/4) Lair:4
  Slime: Lair:5-6       Orc: D:9-12

Altars:
Gozag
Vehumet

Shops:
D:7 [   D:9 [

Annotations:
D:2 Sigmund
Lair:5 Nessos
Abyss:1 Josephine


Message History

You feel sick.
You are no longer poisoned.
Nessos shoots an arrow.
The arrow hits you!! The arrow burns you!
* * * LOW HITPOINT WARNING * * *
You see here an arrow.
You feel much better.
Nessos shoots an arrow.
The arrow hits you!! The arrow burns you.
You are poisoned.
* * * LOW HITPOINT WARNING * * *
Your spiny frog skeleton barely misses Nessos.
You feel sick.
Nessos blinks!
You feel sick.
Nessos shoots an arrow.
The arrow hits you!!
* * * LOW HITPOINT WARNING * * *
The arrow burns you.
You are more poisoned.
* * * LOW HITPOINT WARNING * * *
You feel better.
Nessos gestures wildly while chanting.
Nessos seems to speed up.
Nessos shoots an arrow.
The arrow hits you!!
You die...

....(.........##
...............###
........%........#
...........(....##
(.....(.........P##
..................#
...............(.### #
...................#.#
.............Z.(@...#...
.............c..<........
.................P.......
#...........#.#.#...#....
.........#...#####..# ...
#..........## .## ..
..... .. . ... ..#


You could see Nessos and a friendly spiny frog skeleton.

Vanquished Creatures
  A two-headed ogre (D:9)
  2 black mambas
  Joseph (D:7)
  7 spiny frogs
  3 komodo dragons
  A rime drake (Lair:2)
  A troll (D:10)
  The ghost of brew9 the Cleaver, an amateur MiBe of Trog (D:5)
  6 blink frogs (Lair:3)
  A polar bear (Lair:3)
  3 hippogriffs
  2 dream sheep (D:11)
  21 yaks
  3 wraiths (Lair:4)
  2 hungry ghosts
  A hog (D:8)
  14 water moccasins
  2 orc warriors
  13 porcupines
  A phantom (D:10)
  An eye of draining (D:10)
  3 black bears
  A sky beast (D:6)
  4 ogres
  17 wolves
  4 centaurs
  3 big kobolds
  11 crocodiles
  15 bullfrogs
  A wyvern zombie (D:9)
  A wyvern skeleton (D:7)
  A water moccasin zombie (D:7)
  9 scorpions
  7 wights
  5 killer bees (D:8)
  A howler monkey (D:9)
  3 crimson imps
  4 centaur zombies
  7 hounds
  2 human zombies (Ossuary)
  Crazy Yiuf (D:7)
  4 bullfrog skeletons
  A gnoll shaman (D:9)
  4 jellies
  7 orc wizards
  3 centaur skeletons
  3 iguanas
  Ijyb (D:5)
  3 worker ants
  2 big kobold zombies (Ossuary)
  3 hound zombies
  3 mummies (Ossuary)
  17 adders
  7 gnolls
  5 scorpion zombies (Ossuary)
  2 shadow imps
  3 oozes
  An adder skeleton (D:9)
  3 worms
  2 dart slugs
  5 leopard geckos
  31 orcs
  A ball python (Lair:4)
  7 bats
  7 giant cockroaches
  2 gnoll zombies (Ossuary)
  9 hobgoblins
  13 jackals
  7 kobolds
  5 quokkas
  3 frilled lizards
  6 goblins
  A goblin zombie (Ossuary)
  2 hobgoblin zombies (Ossuary)
  7 kobold zombies
  A leopard gecko skeleton (D:4)
  4 orc zombies (Ossuary)
  9 rats
  2 fungi (Lair:4)
383 creatures vanquished.

Vanquished Creatures (collateral kills)
  A hydra (Lair:2)
  A merfolk siren (Lair:3)
  A merfolk (Lair:3)
  A wolf (Lair:2)
4 creatures vanquished.

Vanquished Creatures (others)
  The ghost of brew9 the Fighter, a journeyman DrFE of Vehumet (Lair:3)
  An oklob plant (Lair:5)
  A merfolk siren (Lair:3)
  A spiny frog (Lair:1)
  A rime drake (Lair:2)
  A blink frog (Lair:3)
  2 wraiths (Lair:4)
  A basilisk (Lair:4)
  2 water moccasins
  A crocodile (Lair:3)
  A bush (D:10)
  10 fungi
  10 plants
33 creatures vanquished.

Grand Total: 420 creatures vanquished

Notes
Turn   | Place    | Note
-------+----------+-------------------------------------------
     0 | Abyss:1  | Fusha the Human Abyssal Knight began the quest for the Orb.
     0 | Abyss:1  | Reached XP level 1. HP: 18/18 MP: 2/2
    52 | Abyss:1  | Noticed a Hell Sentinel
    56 | D:1      | Escaped the Abyss
    79 | D:1      | Reached * piety under Lugonu
   107 | D:1      | Reached XP level 2. HP: 19/24 MP: 3/3
   156 | D:1      | Reached skill level 3 in Long Blades
   326 | D:1      | Reached XP level 3. HP: 29/29 MP: 4/4
   740 | D:2      | Reached skill level 4 in Long Blades
   740 | D:2      | Reached XP level 4. HP: 31/35 MP: 5/5
   843 | D:2      | Noticed Sigmund
  1363 | D:2      | Reached ** piety under Lugonu
  1363 | D:2      | Reached XP level 5. HP: 39/41 MP: 6/6
  1490 | D:3      | Reached skill level 5 in Long Blades
  1726 | D:3      | Found an opulent altar of Gozag.
  2605 | D:4      | Noticed an ogre
  2882 | D:4      | Killed an ogre
  2882 | D:4      | Reached XP level 6. HP: 20/47 MP: 6/8
  3499 | D:4      | Reached skill level 6 in Long Blades
  3513 | D:4      | Reached XP level 7. HP: 46/53 MP: 9/9
  3650 | D:4      | Found a staircase to the Ecumenical Temple.
  4121 | D:5      | Entered Level 5 of the Dungeon
  4133 | D:5      | Noticed brew9's ghost (amateur MiBe)
  5211 | D:5      | Noticed Ijyb
  5229 | D:5      | Killed Ijyb
  5388 | D:5      | Killed brew9's ghost
  5388 | D:5      | Reached skill level 7 in Long Blades
  5388 | D:5      | Reached skill level 1 in Evocations
  5388 | D:5      | Reached XP level 8. HP: 38/61 MP: 10/10
  6002 | D:6      | Reached skill level 5 in Fighting
  6174 | D:6      | Found a radiant altar of Vehumet.
  6354 | D:7      | Reached *** piety under Lugonu
  6435 | D:7      | Reached XP level 9. HP: 23/68 MP: 11/11
  6671 | D:7      | Noticed a hippogriff
  6676 | D:7      | Reached skill level 8 in Long Blades
  6698 | D:7      | Killed a hippogriff
  7316 | D:7      | Noticed Joseph
  7335 | D:7      | Killed Joseph
  7335 | D:7      | Reached skill level 5 in Invocations
  7502 | D:7      | Identified the Tome of Harmful Lightness
  7674 | D:7      | Got a heavily jewelled robe
  7688 | D:7      | Identified the +2 robe of Nyxku {MR+ Int+4 Stlth+} (You found it on level 7 of the Dungeon)
  7777 | D:7      | Found Hakuemid's Antique Armour Boutique.
  7783 | D:7      | Bought a scorched leather armour for 161 gold pieces
  7793 | D:7      | Identified the cursed +1 leather armour of the Demon Prince {Str+4 Slay+5} (You bought it in a shop on level 7 of the Dungeon)
  7926 | D:7      | Reached skill level 5 in Dodging
  8046 | D:7      | Found a runed door.
  8050 | D:7      | Noticed Crazy Yiuf
  8054 | D:7      | Killed Crazy Yiuf
  8146 | D:8      | Found a sand-covered staircase.
  8158 | D:8      | Reached skill level 9 in Long Blades
  8165 | Ossuary  | Entered an ossuary
  8186 | Ossuary  | Reached XP level 10. HP: 72/76 MP: 14/14
  8270 | Ossuary  | Reached **** piety under Lugonu
  8597 | D:8      | Learned a level 2 spell: Swiftness
  8600 | D:8      | Learned a level 2 spell: Passwall
  8662 | D:8      | Learned a level 1 spell: Animate Skeleton
  8664 | D:8      | Learned a level 1 spell: Summon Small Mammal
  8838 | D:8      | Noticed Psyche
  8840 | D:8      | Noticed Psyche
  8840 | D:8      | Psyche changed into Psyche the hog
  8851 | D:8      | Killed Psyche the hog
  8851 | D:8      | Reached skill level 1 in Spellcasting
  8873 | D:8      | Reached skill level 10 in Long Blades
  9351 | D:8      | Reached ***** piety under Lugonu
  9847 | D:9      | Found Uqeobbom's Antique Armour Boutique.
  9849 | D:9      | Bought an embroidered cloak for 150 gold pieces
  9849 | D:9      | Bought an ancient leather armour for 140 gold pieces
  9873 | D:9      | Identified the +1 leather armour of Icvisis {Int+6 Slay-3} (You bought it in a shop on level 9 of the Dungeon)
 10031 | D:9      | Reached XP level 11. HP: 69/81 MP: 15/15
 10048 | D:9      | Reached skill level 5 in Evocations
 10066 | D:9      | Reached skill level 11 in Long Blades
 10085 | D:9      | Noticed a two-headed ogre
 10095 | D:9      | Killed a two-headed ogre
 10509 | D:10     | Entered Level 10 of the Dungeon
 11268 | D:10     | Found a staircase to the Lair.
 11524 | D:11     | Reached skill level 12 in Long Blades
 11856 | D:11     | Noticed a three-headed hydra
 12137 | Lair:1   | Entered Level 1 of the Lair of Beasts
 12303 | Lair:1   | Reached XP level 12. HP: 75/89 MP: 19/19
 12606 | Lair:1   | Reached skill level 5 in Spellcasting
 12631 | Lair:1   | Reached ****** piety under Lugonu
 12658 | Lair:1   | Identified a +7 falchion of distortion (a +5 falchion corrupted by Lugonu)
 12658 | Lair:1   | Received a gift from Lugonu
 13348 | Lair:2   | Noticed a four-headed hydra
 13835 | Lair:2   | Reached skill level 1 in Air Magic
 13840 | Lair:2   | Learned a level 2 spell: Poisonous Vapours
 13844 | Lair:2   | Learned a level 3 spell: Mephitic Cloud
 14316 | Lair:2   | Killed a four-headed hydra
 14316 | Lair:2   | Reached skill level 13 in Long Blades
 15058 | Lair:3   | Reached skill level 1 in Poison Magic
 15121 | Lair:3   | Noticed a six-headed hydra
 15162 | Lair:3   | Banished a six-headed hydra
 15162 | Lair:3   | Reached XP level 13. HP: 81/96 MP: 15/20
 15234 | Lair:3   | Noticed brew9's ghost (journeyman DrFE)
 15513 | Lair:3   | Banished brew9's ghost
 15992 | Lair:3   | Found a staircase to the Shoals.
 16166 | Lair:4   | Found a staircase to the Snake Pit.
 16277 | Lair:4   | Noticed Josephine
 16284 | Lair:4   | Reached skill level 10 in Dodging
 16299 | Lair:4   | Banished Josephine
 16342 | Lair:4   | Reached skill level 14 in Long Blades
 17141 | Lair:5   | Noticed Nessos
 17183 | Lair:5   | HP: 2/96 [Nessos/arrow (3)]
 17184 | Lair:5   | Shot with an arrow by Nessos

Vault maps used:
D:1:      saegor_arrival_simple_a, serial_bayou, serial_bayou_pond_a,
          serial_bayou_pond_b, serial_bayou_lake_a, serial_bayou_pond_d,
          minmay_surrounded
D:2:      uniq_sigmund
D:3:      grunt_gozag_breadcrumbs, first_bread, nicolae_underground_beach
D:4:      temple_statues
D:5:      uniq_ijyb
D:6:      kennysheep_mini, uniq_grinder
D:7:      serial_shops, shop, minivault_27, uniq_joseph, uniq_crazy_yiuf_cottage
D:8:      enter_ossuary_3, uniq_psyche
D:9:      serial_shops, shop
D:10:     minmay_lair_entry_grove
D:11:     hangedman_ranch, hex_intersection, dk_vineyard_3, uniq_fannar
Lair:2:   st_stairs_6
Lair:3:   elwin_shoals_entry_rooms, hangedman_lair_generics_rect
Lair:4:   minmay_snake_entry_six_corridors, uniq_josephine
Lair:5:   gammafunk_mikee_crab_dinner, slime_altar_1, uniq_rupert, uniq_snorg,
          uniq_nessos
Ossuary:  ossuary_minmay_scorpions

Skill      XL: |  1  2  3  4  5  6  7  8  9 10 11 12 13 |
---------------+----------------------------------------+-----
Long Blades    | 3 4 5 6 7 9 10 12 13 14 | 14.1
Invocations    | 3 6 |  6.5
Fighting       | 4 5 6 7 |  7.0
Dodging        | 3 4 5 6 7 9 10 | 10.6
Evocations     | 1 2 4 6 |  6.0
Spellcasting   | 2 4 5 |  5.0
Air Magic      | 3 |  3.0
Poison Magic   | 1 3 |  3.1
Armour         | |  2.0

Action                   |  1- 3 |  4- 6 |  7- 9 | 10-12 | 13-15 || total
-------------------------+-------+-------+-------+-------+-------++-------
Melee: Falchion          |    75 |   205 |   381 |   745 |   150 ||  1556
Throw: Tomahawk          |       |       |       |     8 |     3 ||    11
 Cast: Animate Skeleton  |       |       |       |    17 |     1 ||    18
Invok: Depart the Abyss  |     1 |       |       |       |       ||     1
       Bend Space        |       |     2 |       |       |       ||     2
       Banish            |       |       |       |     1 |     5 ||     6
       Brand Weapon With |       |       |       |     1 |       ||     1
 Abil: Evoke Invisibilit |       |       |       |       |     1 ||     1
Evoke: Wand              |       |       |    14 |     9 |       ||    23
  Use: Potion            |     1 |     8 |     5 |     6 |     3 ||    23
       Scroll            |       |     5 |     8 |    12 |     3 ||    28
 Stab: Sleeping          |       |     1 |     1 |     3 |     1 ||     6
       Distracted        |       |       |       |     1 |       ||     1
  Eat: Royal jelly       |       |     1 |     1 |     7 |     1 ||    10
       Bread ration      |       |     2 |     3 |       |       ||     5
       Meat ration       |       |       |       |     2 |     1 ||     3
Armor: Leather armour    |    25 |    47 |     3 |    94 |    13 ||   182
       Ring mail         |       |     4 |    46 |       |       ||    50
       Robe              |       |       |    23 |       |       ||    23
       Skin              |       |       |       |    13 |       ||    13
Dodge: Dodged            |    48 |   107 |   169 |   451 |    84 ||   859
Block: Other             |       |     6 |    53 |    92 |    17 ||   168
       Reflection        |       |       |     1 |       |       ||     1
       Rpst.: Falchion   |    21 |    33 |    49 |   112 |    22 ||   237

Table legend:
 A = Spawn XP
 B = Non-spawn XP
 C = Spawn XP percentage of total XP
 D = Spawn monster count
 E = Non-spawn monster count
 F = Spawn count percentage of total count
 G = Total turns spent on level
                    A         B        C        D         E        F      G
               +---------+---------+-------+---------+---------+-------+---------
         Total |       0 |   35960 |   0.0 |       0 |     399 |   0.0 | 17184
               +---------+---------+-------+---------+---------+-------+---------
           D:1 |       0 |      32 |   0.0 |       0 |      16 |   0.0 |   528
           D:2 |       0 |     109 |   0.0 |       0 |      28 |   0.0 |   883
           D:3 |       0 |      87 |   0.0 |       0 |      19 |   0.0 |  1361
           D:4 |       0 |     536 |   0.0 |       0 |      18 |   0.0 |  1995
           D:5 |       0 |     572 |   0.0 |       0 |      13 |   0.0 |   882
           D:6 |       0 |     430 |   0.0 |       0 |      10 |   0.0 |   586
           D:7 |       0 |    1851 |   0.0 |       0 |      33 |   0.0 |  1832
           D:8 |       0 |    1635 |   0.0 |       0 |      33 |   0.0 |  1050
           D:9 |       0 |    3987 |   0.0 |       0 |      47 |   0.0 |   942
          D:10 |       0 |    3474 |   0.0 |       0 |      29 |   0.0 |  1156
          D:11 |       0 |    1216 |   0.0 |       0 |       8 |   0.0 |   472
        Lair:1 |       0 |    3634 |   0.0 |       0 |      23 |   0.0 |  1610
        Lair:2 |       0 |    3408 |   0.0 |       0 |      18 |   0.0 |   949
        Lair:3 |       0 |    7972 |   0.0 |       0 |      35 |   0.0 |  1238
        Lair:4 |       0 |    4527 |   0.0 |       0 |      28 |   0.0 |  1000
        Lair:5 |       0 |    1584 |   0.0 |       0 |       6 |   0.0 |   250
       Ossuary |       0 |     906 |   0.0 |       0 |      35 |   0.0 |   394
               +---------+---------+-------+---------+---------+-------+---------
